 Dungeon Crawl Stone Soup version 0.28.0-45-g0d030f2227 (webtiles) character file.

Game seed: 13038891269525958319

488 Iusername the Poker (level 6, -1/54 (55) HPs)
             Began as a Minotaur Fighter on Apr 7, 2022.
             Was an Initiate of Ashenzari.
             Succumbed to a kobold brigand's poison
             ... on level 4 of the Dungeon.
             The game lasted 00:13:00 (3708 turns).

Iusername the Poker (Minotaur Fighter)              Turns: 3708, Time: 00:13:00

HP:   -1/54 (55)    AC: 14    Str: 25    XL:     6   Next: 90%
MP:   5/5           EV:  8    Int:  5    God:    Ashenzari [......]
Gold: 180           SH:  0    Dex:  9    Spells: 5/5 levels left

rFire   . . .      SeeInvis .   p - +3 quarterstaff (chaos)
rCold   . . .      Faith    .   (shield currently unavailable)
rNeg    + . .      Spirit   .   n - +2 chain mail {rN+}
rPois   .          Reflect  .   (helmet restricted)
rElec   .          Harm     .   b - +0 cloak
rCorr   .          Rampage  .   h - +0 pair of gloves
Will    +....                   (no boots)
Stlth   ..........              (no amulet)
HPRegen 0.18/turn               f - ring of willpower
MPRegen 0.09/turn               (no ring)

@: lethally poisoned (-1 -> -12), attractive, lightly drained
A: horns 2, retaliatory headbutt, strong 1
a: Renounce Religion, Curse Item


You were on level 4 of the Dungeon.
You worshipped Ashenzari.
Ashenzari was noncommittal.
You visited 1 branch of the dungeon, and saw 4 of its levels.

You collected 180 gold pieces.

Inventory:

Hand Weapons
 a - a +0 trident
 o - a +0 mace of draining
 p - a +3 quarterstaff of chaos (weapon)
Armour
 b - a +0 cloak (worn)
 c - a +0 buckler
 h - a +0 pair of gloves (worn)
 n - a +2 chain mail of positive energy (worn)
Jewellery
 f - a ring of willpower (left hand)
 v - a ring of magical power
Wands
 d - a wand of polymorph (2)
 u - a wand of paralysis (3) (quivered)
Scrolls
 e - 2 scrolls of blinking
 g - a scroll of magic mapping
 j - a scroll of vulnerability {unknown}
 l - 3 scrolls of teleportation
 m - a scroll of enchant weapon {unknown}
 s - a scroll of fog
 w - a scroll of identify
Potions
 q - a potion of flight {unknown}
 t - a potion of magic {unknown}


   Skills:
 + Level 4.8 Fighting
 + Level 0.8(1.5) Maces & Flails
 + Level 5.9(6.0) Polearms
 + Level 2.0(4.3) Staves
 + Level 5.7 Armour
 + Level 1.2 Dodging
 + Level 0.5 Stealth
 + Level 4.2 Shields


You had 5 spell levels left.
You didn't know any spells.
Your spell library contained the following spells:

 Spells                   Type           Power      Damage    Failure   Level
 Animate Skeleton         Necr           0%         N/A       97%         1
 Pain                     Necr           0%         1d4       97%         1
 Vampiric Draining        Necr           0%         2d6       100%        3
 Summon Forest            Summ/Tloc      0%         N/A       100%        5
 Eringya's Noxious Bog    Tmut/Pois      0%         N/A       100%        6
 Summon Hydra             Summ           0%         N/A       100%        7


Dungeon Overview and Level Annotations

Branches:
Dungeon (4/15)             Temple (0/1) D:4

Altars:
Ashenzari
Cheibriados
Okawaru
Qazlal
Beogh


Innate Abilities, Weirdness & Mutations

You have a pair of horns on your head.
You reflexively headbutt those who attack you in melee.
Your muscles are strong. (Str +2)


Message History

You barely miss the kobold.
You feel sick.
The kobold brigand hits you but does no damage.
You suddenly lose the ability to move!
The kobold barely misses you.
The kobold hits you but does no damage. x3; The kobold barely misses you.
The kobold hits you but does no damage.
The kobold brigand hits you but does no damage.
You partially resist.
You feel sick.
The kobold hits you but does no damage. x3
You are more poisoned.
The kobold hits you but does no damage. x3
The kobold brigand hits you with a +0 short sword of chaos.
* * * LOW HITPOINT WARNING * * *
You can move again.
It was a potion of mutation.
You feel extremely strange.
You feel stronger.
* * * LOW HITPOINT WARNING * * *
You feel very sick. The kobold completely misses you. You furiously retaliate!
You headbutt the kobold.
You kill the kobold!
The kobold hits you but does no damage. The kobold completely misses you.
You furiously retaliate!
You headbutt the kobold!
You kill the kobold!
The kobold zaps a wand.
You resist with almost no effort. The kobold closely misses you.
The kobold hits you but does no damage.
The kobold brigand hits you but does no damage.
You are lethally poisoned!
You hit the kobold. You burn the kobold. Your headbutt misses the kobold.
The kobold is heavily wounded.
* * * LOW HITPOINT WARNING * * *
You feel very sick. The kobold misses you. The kobold hits you with a +0 whip.
* * * LOW HITPOINT WARNING * * *
The kobold hits you but does no damage. x2
The kobold brigand hits you with a +0 short sword of chaos.
* * * LOW HITPOINT WARNING * * *
You partially resist.
You feel drained.
You sock the kobold!
You kill the kobold!
You die...

....#.......##.....##
............#≈.#.#.P#
............#⌠.#.#.⌠#
............#≈.#.#.≈#
............##.....###
.###.........##'''##.# #
.###.##..............###.#
..##.#####.....)KK......#
†..............K@)......#
..#########..>.).K...###.#
..# ..... #...........#
#.#...... #...........#
#.#...... #.#...........#
#.^..._...^.##.......<###
#.#.......#.####.....##
..#...... #.# ##...## ..#
..... #.# #..##


You could see a kobold brigand and 3 kobolds.

Vanquished Creatures
  The ghost of Zeor the Twirler, an amateur GrGl (D:4)
  An orc priest (D:3)
  Crazy Yiuf (D:3)
  An iron imp (D:4)
  Natasha (thrice) (D:3)
  2 orc wizards
  Terence (D:2)
  Robin (D:3)
  An adder (D:2)
  4 worms
  16 orcs
  5 bats
  5 endoplasms
  4 giant cockroaches
  14 goblins
  11 hobgoblins
  11 kobolds
  A quokka (D:3)
  5 ball pythons
  6 rats
94 creatures vanquished.

Vanquished Creatures (others)
  A fungus (D:4)
  A plant (D:4)
2 creatures vanquished.

Grand Total: 96 creatures vanquished

Notes
Turn   | Place    | Note
-------+----------+-------------------------------------------
     0 | D:1      | Iusername the Minotaur Fighter began the quest for the Orb.
     0 | D:1      | Reached XP level 1. HP: 19/19 MP: 0/0
   190 | D:1      | Reached XP level 2. HP: 27/27 MP: 1/1
   748 | D:2      | Reached XP level 3. HP: 30/33 MP: 2/2
  1052 | D:2      | Noticed Terence
  1057 | D:2      | Killed Terence
  1496 | D:2      | Found a faded altar of an unknown god.
  1631 | D:3      | Reached XP level 4. HP: 40/40 MP: 3/3
  2057 | D:3      | Found a broken altar of Ashenzari.
  2079 | D:3      | Became a worshipper of Ashenzari the Shackled
  2201 | D:3      | Noticed Natasha
  2206 | D:3      | Killed Natasha
  2207 | D:3      | Reached XP level 5. HP: 40/47 MP: 4/4
  2217 | D:3      | Noticed Robin
  2224 | D:3      | Noticed Natasha
  2237 | D:3      | Killed Robin
  2238 | D:3      | Reached skill level 5 in Armour
  2243 | D:3      | Killed Natasha
  2325 | D:3      | Reached skill level 5 in Polearms
  2530 | D:3      | Noticed Natasha
  2540 | D:3      | Killed Natasha
  2541 | D:3      | Reached XP level 6. HP: 53/53 MP: 5/5
  2844 | D:3      | Found a runed translucent door.
  2845 | D:3      | Noticed Crazy Yiuf
  2860 | D:3      | Killed Crazy Yiuf
  3316 | D:4      | Found an iron altar of Okawaru.
  3379 | D:4      | Found a snail-covered altar of Cheibriados.
  3492 | D:4      | Found a stormy altar of Qazlal.
  3530 | D:4      | Found a staircase to the Ecumenical Temple.
  3625 | D:4      | Reached skill level 1 in Dodging
  3656 | D:4      | Found a runed translucent gate.
  3656 | D:4      | Found a runed translucent gate.
  3656 | D:4      | Found a runed translucent gate.
  3657 | D:4      | Noticed Zeor's ghost (amateur GrGl)
  3702 | D:4      | Killed Zeor's ghost
  3704 | D:4      | Paralysed by a kobold brigand for 2 turns
  3706 | D:4      | Gained mutation: Your muscles are strong. (Str +2) [potion
                  | of mutation]
  3707 | D:4      | HP: 1/55 [kobold brigand/+0 short sword of chaos (5)]
  3708 | D:4      | Succumbed to a kobold brigand's poison

Illustrated notes

Levels and vault maps discovered:
D:1:      dpeg_arrival_prison, layout_basic
D:2:      layout_loops_ring, hellmonk_ecumenical_altar_defaced_shrine,
          small_statue_intersection, nrook_mini_vaults,
          nicolae_figureground_pulse, uniq_terence
D:3:      layout_basic, cheibrodos_ashenzari_chains, uniq_crazy_yiuf_cottage,
          uniq_natasha, uniq_robin
D:4:      layout_layer_cave, lemuel_tele_altar, slow_altar_2,
          pdpol_wu_jian_five_deadly_venoms, grunt_qazlal_sundering,
          temple_pool_b, gammafunk_ghost_nasty_kobolds

Skill      XL: |  1  2  3  4  5  6 |
---------------+-------------------+-----
Armour         | 4 5 |  5.7
Fighting       | 4 |  4.8
Shields        | 4 |  4.2
Polearms       | 3 4 5 |  5.9
Dodging        | 1 |  1.2
Staves         | 2 |  2.0
Maces & Flails | |  0.8
Stealth        | |  0.5

Action                   |  1- 3 |  4- 6 || total
-------------------------+-------+-------++-------
Melee: Trident           |    97 |    99 ||   196
       Headbutt          |     6 |    13 ||    19
       Quarterstaff      |       |    31 ||    31
       Mace              |       |    11 ||    11
  Use: Scroll            |     2 |     2 ||     4
       Potion            |     1 |     5 ||     6
Armor: Scale mail        |    26 |       ||    26
       Chain mail        |     8 |   103 ||   111
       Skin              |       |     9 ||     9
Dodge: Dodged            |    30 |    51 ||    81
Block: Buckler           |    14 |    17 ||    31
